 Dungeon Crawl Stone Soup version 0.30.1-11-g7821555f0a (webtiles) character file.

Game seed: 13154697024257902291

4771 Condegh the Grappler (level 10, -6/104 HPs)
             Began as a Troll Monk on Dec 17, 2023.
             Was a Priest of Wu Jian.
             Mangled by a large abomination (14 damage)
             ... summoned by a glowing orange brain
             ... on level 1 of the Abyss.
             The game lasted 00:34:33 (5230 turns).

Condegh the Grappler (Troll Monk)                   Turns: 5230, Time: 00:34:33

Health: -6/104     AC:  9    Str: 27    XL:     10   Next: 23%
Magic:  9/9        EV: 11    Int: 10    God:    Wu Jian [***...]
Gold:   416        SH:  5    Dex: 16    Spells: 9/9 levels left

rFire   . .          .
                       - Unarmed
rCold   . . .        (no shield)
rNeg    . . .        a - +1 robe
rPois   .            (helmet restricted)
rElec   .            (no cloak)
rCorr   .            (gloves unavailable)
SInv    .            (boots unavailable)
Will    .....        h - amulet of reflection
Stlth   +            o - +6 ring of strength
HPRegen 1.17/turn    E - ring "Otulame" {AC+4 Dex+4}
MPRegen 0.11/turn

%: reflection
@: no status effects
A: large, unfitting armour, claws 3, regeneration 1, shaggy fur 1, tough skin 1
a: Renounce Religion, Wall Jump, Serpent's Lash


You were on level 1 of the Abyss.
You worshipped Wu Jian.
Wu Jian was most pleased with you.
You visited 2 branches of the dungeon, and saw 9 of its levels.
You visited the Abyss 1 time.

You collected 416 gold pieces.

Inventory:

Hand Weapons
 L - the +6 rapier of Qaeselin {freeze, rCorr Int+6}
   (You found it on level 7 of the Dungeon)

   Int:       It affects your intelligence (+6).
   rCorr:     It protects you from acid and corrosion.
Missiles
 G - 2 throwing nets (quivered)
Armour
 a - a +1 robe (worn)
Jewellery
 h - an amulet of reflection (around neck)
 o - a +6 ring of strength (left claw)
 w - an amulet of faith
 E - the ring "Otulame" (right claw) {AC+4 Dex+4}
   (You found it on level 6 of the Dungeon)

   [ring of protection]

   AC:        It affects your AC (+4).
   Dex:       It affects your dexterity (+4).
Wands
 n - a wand of quicksilver (13)
 s - a wand of paralysis (2)
 u - a wand of polymorph (7)
 D - a wand of digging (4)
 J - a wand of flame (24)
Scrolls
 e - a scroll of enchant armour
 g - 4 scrolls of teleportation
 k - a scroll of torment {unknown}
 l - 3 scrolls of fog
 p - a scroll of poison {unknown}
 q - a scroll of magic mapping {unknown}
 t - a scroll of immolation {unknown}
 y - a scroll of vulnerability {unknown}
 z - a scroll of enchant weapon {unknown}
 A - a scroll of silence {unknown}
 B - a scroll of fear {unknown}
 C - a scroll of blinking {unknown}
 F - a scroll of amnesia {unknown}
 I - 2 scrolls of noise {unknown}
Potions
 b - 2 potions of ambrosia
 c - 2 potions of might
 d - 2 potions of brilliance {unknown}
 f - 6 potions of curing {unknown}
 i - 3 potions of attraction {unknown}
 j - 2 potions of heal wounds
 m - a potion of flight
 r - a potion of cancellation
 v - a potion of magic
 x - a potion of resistance
 H - a potion of berserk rage {unknown}
 K - a potion of haste {unknown}


   Skills:
 + Level 7.6 Fighting
 - Level 3.0 Dodging
 * Level 12.5 Unarmed Combat


You had 9 spell levels left.
You didn't know any spells.
Your spell library contained the following spells:

 Spells                   Type           Power      Damage    Failure   Level
 Summon Small Mammal      Summ           0%         N/A       36%         1
 Lesser Beckoning         Tloc           0%         N/A       50%         2
 Call Canine Familiar     Summ           0%         N/A       75%         3
 Gell's Gravitas          Tloc           0%         N/A       75%         3
 Summon Guardian Golem    Hex/Summ       0%         N/A       75%         3
 Teleport Other           Tloc           0%         N/A       75%         3


Dungeon Overview and Level Annotations

Branches:
Dungeon (8/15)             Temple (1/1) D:4
   Lair: D:8-11

Altars:
Ashenzari
Dithmenos
Elyvilon
Gozag
Hepliaklqana
Makhleb
Nemelex Xobeh
Qazlal
Ru
Sif Muna
Trog
Uskayaw
Vehumet
Wu Jian
Xom
Yredelemnul
The Shining One

Annotations:
D:8 Psyche


Innate Abilities, Weirdness & Mutations

You are too large for most types of armour.
You have claws for hands.
Your natural rate of healing is unusually fast.
You are covered in fur. (AC +1)
You have tough skin. (AC +1)


Message History

* * * LOW HITPOINT WARNING * * *
The tentacled starspawn barely misses you.
You barely miss the tentacled starspawn.
The tentacled starspawn is lightly damaged.
The tentacled starspawn misses you.
The tentacled starspawn tentacle-slaps you but does no damage.
You scratch the tentacled starspawn.
The tentacled starspawn is lightly damaged.
You mangle the tentacled starspawn!!
The tentacled starspawn is heavily damaged.
The tentacled starspawn misses you.
The tentacled starspawn tentacle-slaps you but does no damage.
You scratch the tentacled starspawn. You claw the tentacled starspawn!
The tentacled starspawn is heavily damaged.
You block the tentacled starspawn's attack.
The tentacled starspawn barely misses you.
You mangle the tentacled starspawn!!
The tentacled starspawn is almost destroyed.
The tentacled starspawn bites you!
* * * LOW HITPOINT WARNING * * *
You block the tentacled starspawn's attack.
Tentacles burst from the starspawn's body! 2 starspawn tentacles come into view.
You barely miss the glowing orange brain.
You barely miss the glowing orange brain.
The starspawn tentacle closely misses you.
You mangle the tentacled starspawn!!
You destroy the tentacled starspawn!
The Council accepts your kill.
The starspawn's tentacles wither and die.
The glowing orange brain pulsates.
You feel your intelligence returning.
Your Unarmed Combat skill increases to level 12!
You have reached level 10!
The substance of the Abyss twists violently, and a gateway leading out appears!
There is a gateway leading out of the Abyss here.
You spin and attack the glowing orange brain.
You barely miss the glowing orange brain.
The large abomination hits you!
You die...

##########
#.#....#.#
#.####§§##
###..#XG§#
#....#.@##
#....x.#.......
#.#.#.#..#..###.
#. #.#..#..#.. #
#..#.##.## #..
####.. . ###


You could see a glowing orange brain, a large abomination (summoned) and a small
abomination (summoned).

Vanquished Creatures
  A tentacled starspawn (Abyss:1)
  Pikel (D:4)
  A hornet (D:6)
  Grinder (D:3)
  Sigmund (D:2)
  A shadow (D:6)
  A small abomination (Abyss:1)
  A steam dragon (D:7)
  A water moccasin (D:5)
  Duvessa (D:4)
  Pargi (D:4)
  3 black bears
  2 centaurs (D:7)
  2 phantoms
  2 lemures (D:4)
  2 kobold brigands
  5 bullfrogs
  2 scorpions (D:5)
  5 wights (D:8)
  Dowan (D:4)
  2 jellies
  A sleepcap (D:6)
  3 iguanas
  2 orc wizards (D:4)
  Terence (D:3)
  Natasha (thrice) (D:3)
  Robin (D:3)
  3 gnolls (D:2)
  8 adders
  An ufetubus (D:5)
  4 worms
  6 dart slugs
  16 orcs
  5 bats
  3 endoplasms
  3 giant cockroaches (D:3)
  16 goblins
  6 hobgoblins
  8 jackals
  11 kobolds
  7 quokkas
  7 ball pythons
  4 frilled lizards
  9 rats
165 creatures vanquished.

Vanquished Creatures (others)
  10 starspawn tentacles (Abyss:1)
10 creatures vanquished.

Grand Total: 175 creatures vanquished

Notes
Turn   | Place    | Note
-------+----------+-------------------------------------------
     0 | D:1      | Condegh the Troll Monk began the quest for the Orb.
     0 | D:1      | Reached XP level 1. HP: 22/22 MP: 0/0
   112 | D:1      | Reached XP level 2. HP: 29/29 MP: 1/1
   422 | D:1      | Reached XP level 3. HP: 36/36 MP: 2/2
  1016 | D:2      | Noticed Sigmund
  1030 | D:3      | Noticed Grinder
  1031 | D:3      | Reached skill level 4 in Unarmed Combat
  1045 | D:3      | Killed Grinder
  1046 | D:3      | Reached skill level 5 in Unarmed Combat
  1046 | D:3      | Reached XP level 4. HP: 11/45 MP: 3/3
  1046 | D:3      | Reached XP level 5. HP: 13/53 MP: 4/4
  1196 | D:2      | Reached XP level 6. HP: 54/61 MP: 5/5
  1269 | D:2      | Killed Sigmund
  1270 | D:2      | Reached skill level 6 in Unarmed Combat
  1522 | D:2      | Found a sparkling altar of Nemelex Xobeh.
  1797 | D:3      | Noticed Terence
  1801 | D:3      | Killed Terence
  1810 | D:3      | Noticed Robin
  1823 | D:3      | Noticed Natasha
  1830 | D:3      | Killed Natasha
  1831 | D:3      | Reached XP level 7. HP: 48/70 MP: 6/6
  1835 | D:3      | Noticed Natasha
  1976 | D:3      | Killed Robin
  2072 | D:3      | Killed Natasha
  2109 | D:3      | Noticed Natasha
  2198 | D:3      | Killed Natasha
  2320 | D:4      | Reached skill level 7 in Unarmed Combat
  2333 | D:4      | Found a staircase to the Ecumenical Temple.
  2339 | Temple   | Entered the Ecumenical Temple
  2431 | Temple   | Became a worshipper of the Wu Jian Council
  2431 | Temple   | Reached * piety under Wu Jian
  2431 | Temple   | Reached ** piety under Wu Jian
  2540 | D:4      | Noticed Pargi
  2547 | D:4      | Killed Pargi
  2866 | D:4      | Noticed Pikel
  2882 | D:4      | Killed Pikel
  2883 | D:4      | Reached skill level 5 in Fighting
  2883 | D:4      | Reached skill level 8 in Unarmed Combat
  2883 | D:4      | Reached XP level 8. HP: 49/80 MP: 7/7
  3038 | D:4      | Noticed Duvessa
  3038 | D:4      | Noticed Dowan
  3048 | D:4      | Killed Duvessa
  3049 | D:4      | Reached skill level 9 in Unarmed Combat
  3051 | D:4      | Killed Dowan
  3154 | D:5      | Entered Level 5 of the Dungeon
  3590 | D:5      | Reached skill level 10 in Unarmed Combat
  3590 | D:5      | Reached XP level 9. HP: 89/89 MP: 8/8
  3990 | D:6      | Identified the ring "Otulame" {AC+4 Dex+4}
  4195 | D:6      | Reached *** piety under Wu Jian
  4239 | D:6      | Reached skill level 11 in Unarmed Combat
  4635 | D:7      | Identified the +6 rapier of Qaeselin {freeze, rCorr Int+6}
  5049 | D:8      | Noticed Psyche
  5097 | D:8      | Paralysed by something for 5 turns
  5099 | Abyss:1  | Cast into level 1 of the Abyss (Psyche)
  5166 | Abyss:1  | Noticed a large abomination
  5168 | Abyss:1  | Noticed an ancient zyme
  5173 | Abyss:1  | Noticed a glowing orange brain
  5173 | Abyss:1  | Noticed a tentacled starspawn
  5224 | Abyss:1  | HP: 1/93 [tentacled starspawn (14)]
  5228 | Abyss:1  | Killed a tentacled starspawn
  5229 | Abyss:1  | Reached skill level 12 in Unarmed Combat
  5229 | Abyss:1  | Reached XP level 10. HP: 5/104 MP: 9/9
  5230 | Abyss:1  | Mangled by a large abomination

Illustrated notes

Levels and vault maps discovered:
D:1:      lemuel_arrival_behind_the_door_small, layout_loops_ring,
          amcnicky_mini_rare_corridor_liquid
D:2:      layout_basic, basic_altar, uniq_sigmund
D:3:      layout_rooms, uniq_grinder, uniq_terence, uniq_robin, uniq_natasha
D:4:      layout_loops_cross, minmay_temple_entry_ruins, uniq_duvessa,
          uniq_pikel, uniq_pargi
D:5:      layout_basic
D:6:      layout_loops_ring, minmay_three_doors
D:7:      layout_cave_pools, lightli_orcish_oven
D:8:      layout_gridville, chequers_temple_overflow_statue_of_worship,
          nicolae_overflow_two_pavilions, serial_shops, shop, uniq_psyche
Temple:   minmay_temple_bridge_d
Abyss:1:  base: D:2, guppyfry_abyss_exit_glass_guarded

Skill      XL: |  1  2  3  4  5  6  7  8  9 |
---------------+----------------------------+-----
Unarmed Combat | 5 6 8 10 12 | 12.5
Fighting       | 3 4 5 6 7 |  7.6
Dodging        | 3 |  3.0

Action                     |  1- 3 |  4- 6 |  7- 9 | 10-12 || total
---------------------------+-------+-------+-------+-------++-------
  Melee: Unarmed           |   101 |    64 |   254 |     1 ||   420
         Punch             |     1 |       |    14 |       ||    15
Ability: Whirlwind         |       |       |    24 |     1 ||    25
         Lunge             |       |       |    35 |       ||    35
    Use: Scroll            |     1 |     4 |     6 |       ||    11
   Stab: Sleeping          |     2 |     1 |       |       ||     3
 Armour: Robe              |    22 |    17 |    53 |       ||    92
         Skin              |       |       |    23 |       ||    23
  Dodge: Dodged            |    51 |    24 |    80 |       ||   155
  Block: Other             |    15 |    14 |    63 |       ||    92
         Reflection        |       |       |     3 |       ||     3
